PR
TWINSBURG TIGERS @ REDWOOD RHINOS
08/18/2042
 
TOP OF THE 1ST
Twinsburg Tigers batting - Pitching for Redwood Rhinos : LHP Nicholas Sullivan
Pitching: LHP Nicholas Sullivan
Batting: RHB Aaron Carter 0-0: Ball
1-0: DOUBLE (Flyball, 7LM, EV 102.5 MPH)
Batting: RHB Roland Thomas 0-0: Fly out, F7 (Flyball, 7LSF, EV 85.0 MPH)
Batting: SHB Sherwin Tacod 0-0: Foul Ball, location: 2F
0-1: Ball
1-1: Foul Ball, location: 2F
1-2: Ball
2-2: Strikes out swinging
Batting: RHB Art Hensley 0-0: Foul Ball, location: 2F
0-1: Swinging Strike
0-2: Foul Ball, location: 2F
0-2: Ball
1-2: Foul Ball, location: 2F
1-2: Ball
2-2: Fly out, F8 (Flyball, 89M, EV 94.4 MPH)
Top of the 1st over - 0 runs, 1 hit, 0 errors, 1 left on base; Twinsburg 0 - Redwood 0
BOTTOM OF THE 1ST
Redwood Rhinos batting - Pitching for Twinsburg Tigers : RHP Cédric Barbot
Pitching: RHP Cédric Barbot
Batting: RHB Roy MacDonald 0-0: Called Strike
0-1: Ball
1-1: Foul Ball, location: 2F
1-2: Ball
2-2: Ground out 6-3 (Groundball, 6, EV 92.5 MPH)
Batting: LHB Stan Daniels 0-0: Swinging Strike
0-1: Called Strike
0-2: Ball
1-2: Strikes out swinging
Batting: SHB Ralph Ludwig 0-0: Ball
1-0: Ball
2-0: Called Strike
2-1: DOUBLE (Line Drive, 89D, EV 111.9 MPH)
Batting: RHB José Medina 0-0: Called Strike
0-1: Called Strike
0-2: Ball
Wild Pitch!
Ralph Ludwig to third
1-2: Foul Ball, location: 2F
1-2: Ball
2-2: Foul Ball, location: 2F
2-2: Strikes out looking
Bottom of the 1st over - 0 runs, 1 hit, 0 errors, 1 left on base; Twinsburg 0 - Redwood 0
TOP OF THE 2ND
Twinsburg Tigers batting - Pitching for Redwood Rhinos : LHP Nicholas Sullivan
Batting: RHB Keith Wilfred 0-0: Called Strike
0-1: DOUBLE (Line Drive, 89M, EV 107.5 MPH)
Batting: LHB Ray Winters 0-0: Called Strike
0-1: Ball
1-1: Ball
2-1: Foul Ball, location: 2F
2-2: Strikes out swinging
Batting: RHB Alex Kelley 0-0: TRIPLE (Groundball, 3L, EV 94.4 MPH)
Keith Wilfred scores
Batting: LHB Keith Garner 0-0: Called Strike
0-1: Ball
1-1: Ground out 4-3 (Groundball, 4, EV 87.5 MPH)
Alex Kelley scores
Batting: RHB Kevin Pearce 0-0: Ball
1-0: Fly out, F4 (Popup, 4S, EV 70.0 MPH)
Top of the 2nd over - 2 runs, 2 hits, 0 errors, 0 left on base; Twinsburg 2 - Redwood 0
BOTTOM OF THE 2ND
Redwood Rhinos batting - Pitching for Twinsburg Tigers : RHP Cédric Barbot
Batting: RHB Scott Fletcher 0-0: Called Strike
0-1: Called Strike
0-2: Hit by Pitch
Batting: RHB Guonçalle Sprengel 0-0: Called Strike
Scott Fletcher is caught stealing 2nd base 2-4
0-1: SINGLE (Groundball, 6S, EV 69.4 MPH) (infield hit)
Batting: RHB Derek Leyva 0-0: Called Strike
0-1: Foul Ball, location: 2F
0-2: Foul Ball, location: 2F
0-2: Ball
1-2: Foul Ball, location: 2F
1-2: Ball
2-2: Fielders Choice at 2nd, 4-6 (Groundball, 34, EV 88.1 MPH)
Batting: RHB Jimmy Cooper 0-0: Ball
1-0: Ground out 5-3 (Groundball, 56S, EV 89.4 MPH)
Bottom of the 2nd over - 0 runs, 1 hit, 0 errors, 1 left on base; Twinsburg 2 - Redwood 0
TOP OF THE 3RD
Twinsburg Tigers batting - Pitching for Redwood Rhinos : LHP Nicholas Sullivan
Batting: RHB Aaron Carter 0-0: Fly out, F7 (Flyball, 7S, EV 86.2 MPH)
Batting: RHB Roland Thomas 0-0: Foul Ball, location: 2F
0-1: Ball
1-1: Ball
2-1: Swinging Strike
2-2: Ball
3-2: Foul Ball, location: 2F
3-2: Ground out 6-3 (Groundball, 56, EV 107.5 MPH)
Batting: SHB Sherwin Tacod 0-0: Ball
1-0: Ball
2-0: Ground out 6-3 (Groundball, 56, EV 105.6 MPH)
Top of the 3rd over - 0 runs, 0 hits, 0 errors, 0 left on base; Twinsburg 2 - Redwood 0
BOTTOM OF THE 3RD
Redwood Rhinos batting - Pitching for Twinsburg Tigers : RHP Cédric Barbot
Batting: RHB Joseph Moore 0-0: Ball
1-0: Ball
2-0: SINGLE (Line Drive, 8RS, EV 93.8 MPH)
Batting: RHB Roy MacDonald 0-0: Ball
1-0: Foul Ball, location: 2F
1-1: Called Strike
1-2: Ball
2-2: Ball
3-2: 2-RUN HOME RUN (Flyball, 89XD, EV 91.9 MPH), Distance : 415 ft
Batting: LHB Stan Daniels 0-0: Ground out 5-3 (Groundball, 56, EV 104.4 MPH)
Batting: SHB Ralph Ludwig 0-0: Called Strike
0-1: Ground out U3 (Groundball, 3, EV 103.1 MPH)
Batting: RHB José Medina 0-0: Ball
1-0: Swinging Strike
1-1: Ball
2-1: Swinging Strike
2-2: Foul Ball, location: 2F
2-2: Strikes out looking
Bottom of the 3rd over - 2 runs, 2 hits, 0 errors, 0 left on base; Twinsburg 2 - Redwood 2
TOP OF THE 4TH
Twinsburg Tigers batting - Pitching for Redwood Rhinos : LHP Nicholas Sullivan
Batting: RHB Art Hensley 0-0: Foul Ball, location: 2F
0-1: Swinging Strike
0-2: Ball
1-2: Ball
2-2: Ball
3-2: Fly out, F8 (Flyball, 8LM, EV 88.8 MPH)
Batting: RHB Keith Wilfred 0-0: Called Strike
0-1: SINGLE (Groundball, 6MD, EV 106.9 MPH)
Batting: LHB Ray Winters 0-0: Ball
Wild Pitch!
Keith Wilfred to second
1-0: Called Strike
1-1: Fly out, F8 (Flyball, 8RD, EV 95.6 MPH)
Batting: RHB Alex Kelley 0-0: Ball
1-0: Called Strike
1-1: Foul Ball, location: 2F
1-2: Foul Ball, location: 2F
1-2: Ball
2-2: SINGLE (Flyball, 8RS, EV 95.0 MPH)
Keith Wilfred to third
Runner from 3rd tries for Home, SAFE, no throw by CF
Batting: LHB Keith Garner 0-0: Fly out, F8 (Flyball, 8LM, EV 76.2 MPH)
Top of the 4th over - 1 run, 2 hits, 0 errors, 1 left on base; Twinsburg 3 - Redwood 2
BOTTOM OF THE 4TH
Redwood Rhinos batting - Pitching for Twinsburg Tigers : RHP Cédric Barbot
Batting: RHB Scott Fletcher 0-0: Called Strike
0-1: Ball
1-1: Foul Ball, location: 2F
1-2: Ball
2-2: Ball
3-2: Base on Balls
Batting: RHB Guonçalle Sprengel 0-0: Foul Ball, location: 2F
0-1: Swinging Strike
Scott Fletcher steals 2nd base
0-2: Foul Ball, location: 2F
0-2: Ball
1-2: Ball
2-2: SINGLE (Line Drive, 4D, EV 93.8 MPH)
Scott Fletcher to third
Batting: RHB Derek Leyva 0-0: Ball
1-0: Fly out, F9 (Flyball, 9S, EV 86.2 MPH)
Batting: RHB Jimmy Cooper 0-0: Ball
Guonçalle Sprengel steals 2nd base
1-0: Ball
2-0: Ground out 4-3 (Groundball, 4, EV 77.5 MPH)
Batting: RHB Joseph Moore 0-0: Called Strike
0-1: Ball
1-1: Ball
2-1: Ball
3-1: Called Strike
3-2: Base on Balls
Batting: RHB Roy MacDonald 0-0: Swinging Strike
0-1: Ball
1-1: Foul Ball, location: 2F
1-2: Ball
2-2: Strikes out swinging
Bottom of the 4th over - 0 runs, 1 hit, 0 errors, 3 left on base; Twinsburg 3 - Redwood 2
TOP OF THE 5TH
Twinsburg Tigers batting - Pitching for Redwood Rhinos : LHP Nicholas Sullivan
Batting: RHB Kevin Pearce 0-0: SINGLE (Line Drive, 89S, EV 113.8 MPH)
Batting: RHB Aaron Carter 0-0: Reached on error, E5 (Groundball, 5S, EV 43.8 MPH)
Kevin Pearce to third
Batting: RHB Roland Thomas 0-0: Ball
1-0: Called Strike
1-1: Ball
2-1: DOUBLE (Line Drive, 89XD, EV 101.9 MPH)
Kevin Pearce scores
Aaron Carter scores
Pitching: LHP Juan Barrón
Batting: SHB Sherwin Tacod 0-0: Fly out, F7 (Flyball, 7S, EV 92.5 MPH)
Batting: RHB Art Hensley 0-0: Intentional Walk
Batting: RHB Keith Wilfred 0-0: Ball
1-0: Ball
2-0: Called Strike
2-1: Fielders Choice at 2nd, 3-6 (Groundball, 34, EV 108.8 MPH)
Roland Thomas to third
Batting: LHB Ray Winters 0-0: Foul Ball, location: 2F
0-1: Ball
1-1: Ball
2-1: Swinging Strike
2-2: Ball
3-2: Strikes out swinging
Top of the 5th over - 2 runs, 2 hits, 1 error, 2 left on base; Twinsburg 5 - Redwood 2
BOTTOM OF THE 5TH
Redwood Rhinos batting - Pitching for Twinsburg Tigers : RHP Cédric Barbot
Batting: LHB Stan Daniels 0-0: Foul Ball, location: 2F
0-1: Ball
1-1: Swinging Strike
1-2: Strikes out swinging
Batting: SHB Ralph Ludwig 0-0: Ball
1-0: Foul Ball, location: 2F
1-1: Foul Ball, location: 2F
1-2: Foul Ball, location: 2F
1-2: Ball
2-2: Foul Ball, location: 2F
2-2: Fly out, F8 (Flyball, 8RM, EV 96.9 MPH)
Batting: RHB José Medina 0-0: Ball
1-0: Called Strike
1-1: Foul Ball, location: 2F
1-2: Ball
2-2: Ball
3-2: Base on Balls
Batting: RHB Scott Fletcher 0-0: Ball
1-0: Swinging Strike
1-1: Ball
2-1: Ball
3-1: Foul Ball, location: 2F
3-2: Strikes out swinging
Bottom of the 5th over - 0 runs, 0 hits, 0 errors, 1 left on base; Twinsburg 5 - Redwood 2
TOP OF THE 6TH
Twinsburg Tigers batting - Pitching for Redwood Rhinos : LHP Juan Barrón
Batting: RHB Alex Kelley 0-0: Ball
1-0: Ball
2-0: Ball
3-0: Base on Balls
Batting: LHB Keith Garner 0-0: Ball
1-0: Ball
2-0: Called Strike
2-1: Ball
3-1: Fly out, F8 (Flyball, 8RD, EV 105.6 MPH)
Batting: RHB Kevin Pearce 0-0: Ball
1-0: Called Strike
1-1: Ball
2-1: Fielders Choice at 2nd, 6-4 (Groundball, 6, EV 88.8 MPH)
Batting: RHB Aaron Carter 0-0: Ball
1-0: Ball
2-0: Ball
3-0: Base on Balls
Kevin Pearce to second
Batting: RHB Roland Thomas 0-0: Called Strike
0-1: Ball
1-1: Ball
2-1: Foul Ball, location: 2F
2-2: Fly out, F5 (Popup, 5, EV 63.1 MPH)
Top of the 6th over - 0 runs, 0 hits, 0 errors, 2 left on base; Twinsburg 5 - Redwood 2
BOTTOM OF THE 6TH
Redwood Rhinos batting - Pitching for Twinsburg Tigers : RHP Cédric Barbot
Batting: RHB Guonçalle Sprengel 0-0: Called Strike
0-1: Fly out, F8 (Flyball, 8LM, EV 81.2 MPH)
Batting: RHB Derek Leyva 0-0: Called Strike
0-1: Foul Ball, location: 2F
0-2: Ball
1-2: Ground out 5-3 (Groundball, 56S, EV 81.9 MPH)
Batting: RHB Jimmy Cooper 0-0: SINGLE (Groundball, 4MD, EV 99.4 MPH)
Batting: RHB Joseph Moore 0-0: Called Strike
0-1: Fly out, F7 (Flyball, 78D, EV 96.2 MPH)
Bottom of the 6th over - 0 runs, 1 hit, 0 errors, 1 left on base; Twinsburg 5 - Redwood 2
TOP OF THE 7TH
Twinsburg Tigers batting - Pitching for Redwood Rhinos : LHP Juan Barrón
Batting: SHB Sherwin Tacod 0-0: Foul Ball, location: 2F
0-1: Fly out, F9 (Flyball, 89M, EV 73.1 MPH)
Batting: RHB Art Hensley 0-0: Ball
1-0: Ball
2-0: Called Strike
2-1: Ball
3-1: Called Strike
3-2: SOLO HOME RUN (Line Drive, 78XD, EV 108.1 MPH), Distance : 412 ft
Batting: RHB Keith Wilfred 0-0: Ball
1-0: Ball
2-0: Ball
3-0: Called Strike
3-1: Ground out 6-3 (Groundball, 6, EV 76.2 MPH)
Batting: LHB Ray Winters 0-0: Ball
1-0: Called Strike
1-1: Ball
2-1: Ball
3-1: Foul Ball, location: 2F
3-2: Base on Balls
Pitching: LHP Gael Rabbetts
Batting: RHB Alex Kelley 0-0: Ball
1-0: Ball
2-0: Called Strike
2-1: Foul Ball, location: 2F
2-2: Foul Ball, location: 2F
2-2: Ground out 4-3 (Groundball, 4, EV 81.2 MPH)
Top of the 7th over - 1 run, 1 hit, 0 errors, 1 left on base; Twinsburg 6 - Redwood 2
BOTTOM OF THE 7TH
Redwood Rhinos batting - Pitching for Twinsburg Tigers : RHP Cédric Barbot
Batting: RHB Roy MacDonald 0-0: Fly out, F8 (Flyball, 78D, EV 104.4 MPH)
Pitching: RHP Emery William
Batting: LHB Stan Daniels 0-0: Foul Ball, location: 2F
0-1: Swinging Strike
0-2: Ball
1-2: Ground out U3 (Groundball, 3, EV 92.5 MPH)
Batting: SHB Ralph Ludwig 0-0: Ball
1-0: Ball
2-0: Ball
3-0: Called Strike
3-1: Base on Balls
Batting: RHB José Medina 0-0: Called Strike
0-1: Ball
1-1: Foul Ball, location: 2F
1-2: Foul Ball, location: 2F
1-2: Strikes out looking
Bottom of the 7th over - 0 runs, 0 hits, 0 errors, 1 left on base; Twinsburg 6 - Redwood 2
TOP OF THE 8TH
Twinsburg Tigers batting - Pitching for Redwood Rhinos : LHP Gael Rabbetts
Batting: LHB Keith Garner 0-0: Ball
1-0: Ball
2-0: Ball
3-0: Base on Balls
Batting: RHB Kevin Pearce 0-0: Bunt missed!
0-1: Sac Bunt to 15S - play at first, batter OUT! 1-4
Keith Garner to second
Batting: RHB Aaron Carter 0-0: Ball
1-0: Ball
2-0: Ball
3-0: Base on Balls
Batting: RHB Roland Thomas 0-0: Swinging Strike
0-1: Foul Ball, location: 2F
0-2: Ball
1-2: Strikes out swinging
Batting: SHB Sherwin Tacod 0-0: Called Strike
0-1: Ball
1-1: Ball
2-1: Swinging Strike
2-2: Foul Ball, location: 2F
2-2: Foul Ball, location: 2F
2-2: Strikes out swinging
Top of the 8th over - 0 runs, 0 hits, 0 errors, 2 left on base; Twinsburg 6 - Redwood 2
BOTTOM OF THE 8TH
Redwood Rhinos batting - Pitching for Twinsburg Tigers : RHP Emery William
Now at 1B: Ole Geenen
Now at 3B: Tim Davis
Batting: RHB Scott Fletcher 0-0: Ball
1-0: Called Strike
1-1: Foul Ball, location: 2F
1-2: Strikes out swinging
Batting: RHB Guonçalle Sprengel 0-0: Ball
1-0: Foul Ball, location: 2F
1-1: Foul Ball, location: 2F
1-2: Strikes out looking
Batting: RHB Derek Leyva 0-0: Foul Ball, location: 2F
0-1: Swinging Strike
0-2: Ball
1-2: Ball
2-2: Strikes out swinging
Bottom of the 8th over - 0 runs, 0 hits, 0 errors, 0 left on base; Twinsburg 6 - Redwood 2
TOP OF THE 9TH
Twinsburg Tigers batting - Pitching for Redwood Rhinos : LHP Gael Rabbetts
Batting: RHB Art Hensley 0-0: Called Strike
0-1: Foul Ball, location: 2F
0-2: Strikes out swinging
Batting: RHB Keith Wilfred 0-0: Ball
1-0: SINGLE (Groundball, 6MD, EV 96.9 MPH)
Batting: LHB Ray Winters 0-0: 2-RUN HOME RUN (Flyball, 89XD, EV 91.2 MPH), Distance : 411 ft
Batting: RHB Alex Kelley 0-0: Ball
1-0: Called Strike
1-1: Swinging Strike
1-2: Strikes out swinging
Batting: LHB Keith Garner 0-0: Foul Ball, location: 2F
0-1: Swinging Strike
0-2: Strikes out swinging
Top of the 9th over - 2 runs, 2 hits, 0 errors, 0 left on base; Twinsburg 8 - Redwood 2
BOTTOM OF THE 9TH
Redwood Rhinos batting - Pitching for Twinsburg Tigers : RHP Emery William
Batting: RHB Jimmy Cooper 0-0: Called Strike
0-1: Swinging Strike
0-2: Ball
1-2: Strikes out swinging
Batting: RHB Joseph Moore 0-0: Fly out, F9 (Flyball, 9S, EV 81.2 MPH)
Batting: RHB Roy MacDonald 0-0: Ball
1-0: Fly out, F8 (Line Drive, 8LD, EV 91.9 MPH)
Bottom of the 9th over - 0 runs, 0 hits, 0 errors, 0 left on base; Twinsburg 8 - Redwood 2
Friday, March 26th, 2021 - OOTP Baseball 20.8 Build 74